 Dungeon Sprint DCSS version 0.31-a0-496-g6f97920a28 (webtiles) character file.

Game seed: 6836831700336453993

2712 Midn8 the Brawler (level 9, -2/95 HPs)
             Began as a Ghoul Monk on Aug 8, 2023.
             Slain by a flying skull (11 damage)
             ... in the Dungeon (Sprint II: "The Violet Keep of Menkaure").
             The game lasted 00:03:08 (714 turns).

Midn8 the Brawler (Ghoul Monk)                       Turns: 714, Time: 00:03:08

Health: -2/95      AC:  3    Str: 19    XL:     9   Next: 66%
Magic:  8/8        EV: 12    Int:  5    God:
Gold:   487        SH:  0    Dex: 11    Spells: 8/8 levels left

rFire   . .          .
                       - Unarmed
rCold   + . .        c - orb {light}
rNeg    + + +        a - +0 robe
rPois   ∞            (no helmet)
rElec   .            (no cloak)
rCorr   .            (no gloves)
SInv    .            j - +0 pair of boots
Will    .....        (no amulet)
Stlth   +            (no ring)
HPRegen 0.00/turn    (no ring)
MPRegen 0.11/turn

%: no teleportation
@: inhibited regen, glowing
A: claws 1, cold resistance 1, negative energy resistance 3, inhibited
regeneration, torment resistance 2, devour on kill
a: no special abilities


You were in the Dungeon.
You visited 1 branch You collected 729 gold pieces.
You spent 242 gold pieces at shops.

Inventory:

Armour
 a - a +0 robe (worn)
 c - an orb of light (worn)
 j - a +0 pair of boots (worn)
 k - a +0 kite shield
Scrolls
 h - a scroll of blinking
 i - a scroll of identify
Potions
 b - a potion of ambrosia
 d - a potion of curing
 e - a potion of heal wounds
 g - 2 potions of magic


   Skills:
 + Level 14.2 Fighting
 - Level 2.6 Dodging
 * Level 19.1 Unarmed Combat


You had 8 spell levels left.
You didn't know any spells.
Your spell library was empty.

Dungeon Overview and Level Annotations

Branches:
Dungeon (1/1)

Altars:

Shops:
D [=:(((:[([!=?(!

Annotations:
D exclusion: oklob plant


Innate Abilities, Weirdness & Mutations

You are immune to poison.
You have sharp fingernails.
Your flesh is cold resistant. (rC+)
You are immune to negative energy. (rN+++)
You do not regenerate when monsters are visible.
You are immune to unholy pain and torment.
You thrive by killing the living.


Message History

You closely miss the flying skull.
The flying skull is heavily damaged.
The flying skull closely misses you.
You claw the flying skull!
You destroy the flying skull!
You mangle the flying skull!!
You destroy the flying skull!
You scratch the flying skull.
The flying skull is lightly damaged.
The flying skull hits you.
You closely miss the flying skull.
The flying skull is lightly damaged.
The flying skull hits you.
You completely miss the flying skull.
The flying skull is lightly damaged.
The flying skull closely misses you.
You scratch the flying skull but do no damage.
The flying skull is lightly damaged.
The flying skull hits you!
* * * LOW HITPOINT WARNING * * *
You mangle the flying skull!!
You destroy the flying skull!
Your Fighting skill increases to level 14!
You scratch the flying skull.
The flying skull is moderately damaged.
The flying skull hits you.
* * * LOW HITPOINT WARNING * * *
You completely miss the flying skull.
The flying skull is moderately damaged.
The flying skull hits you.
* * * LOW HITPOINT WARNING * * *
You closely miss the flying skull.
The flying skull is moderately damaged.
The flying skull hits you.
* * * LOW HITPOINT WARNING * * *
You eviscerate the flying skull!!!
You destroy the flying skull!
Your Unarmed Combat skill increases to level 19!
You completely miss the flying skull. The flying skull hits you!
You die...

##≈.§.≈≈≈## ##○○°§≈°≈.≈##
+≈○≈°§≈...≈.# #☼☼°○.≈≈§.
~##○≈°°§z
#########~~#○°○#+++##
########~~~.○°°z....#
......∩#~~~~.##z##..#
.....∩.#~~~~##.#@##.####
∩...∩.∩#~~~~#.###.#....#
...∩.∩.#~~####.#.####..##
∩.∩.∩..#~##.# #÷###.##..#
.∩.∩...#~#.####.##.#.#..#
..⌠....'~'##.'.<.'.##'..#
.......#†#...##.##..##....#
▓▓▓▓▓###~##.###'###.##......~~
Zl######~~### .#. ###§~.....~#


You could see 2 flying skulls.

Vanquished Creatures
  9 flying skulls (D)
  2 wyverns (D)
  4 neqoxecs (D)
  2 water moccasins (D)
  4 necrophages (D)
  3 worms (D)
24 creatures vanquished.

Vanquished Creatures (others)
  Menkaure (D)
1 creature vanquished.

Grand Total: 25 creatures vanquished

Notes
Turn   | Place    | Note
-------+----------+-------------------------------------------
     0 | D        | Midn8 the Ghoul Monk began the quest for the Orb.
     0 | D        | Reached XP level 1. HP: 19/19 MP: 0/0
    10 | D        | Reached skill level 4 in Unarmed Combat
    15 | D        | Reached XP level 2. HP: 15/27 MP: 1/1
    69 | D        | Found Akhejaint's Distillery.
    69 | D        | Found Ysed's Magic Scroll Emporium.
    69 | D        | Found Biaciw's Antique Armour Shoppe.
    69 | D        | Found Zixur's Distillery.
    69 | D        | Found Honic's Armour Shoppe.
    69 | D        | Found Jugev's Jewellery Shoppe.
    69 | D        | Found Beschy's Weapon Shoppe.
    70 | D        | Found Zuadeim's Antique Weapon Emporium.
    70 | D        | Found Foedeyvaah's Book Shoppe.
    76 | D        | Reached skill level 5 in Unarmed Combat
    85 | D        | Noticed a necrophage
    85 | D        | Noticed a necrophage
    85 | D        | Noticed a necrophage
    85 | D        | Noticed a necrophage
    91 | D        | Killed a necrophage
    92 | D        | Reached skill level 7 in Unarmed Combat
    92 | D        | Reached XP level 3. HP: 27/37 MP: 2/2
    92 | D        | Reached XP level 4. HP: 33/44 MP: 3/3
    96 | D        | Killed a necrophage
    97 | D        | Reached skill level 9 in Unarmed Combat
    97 | D        | Reached XP level 5. HP: 23/52 MP: 4/4
   101 | D        | Reached skill level 10 in Unarmed Combat
   107 | D        | Reached skill level 11 in Unarmed Combat
   107 | D        | Reached XP level 6. HP: 19/62 MP: 5/5
   137 | D        | Killed Menkaure
   257 | D        | Found Liyluopa's Antique Weapon Shoppe.
   257 | D        | Noticed a wyvern
   259 | D        | Found Adymp's Antique Weapon Emporium.
   259 | D        | Found Hubriffi's Antique Weapon Shoppe.
   259 | D        | Noticed a water moccasin
   259 | D        | Noticed an oklob plant
   260 | D        | Found Ceukyin's Jewellery Shoppe.
   260 | D        | Found Kicys's Antique Armour Emporium.
   260 | D        | Found Rerr's Book Shoppe.
   262 | D        | Noticed a wyvern
   265 | D        | Killed a water moccasin
   266 | D        | Reached skill level 12 in Unarmed Combat
   276 | D        | Noticed an ice dragon
   285 | D        | Bought a scroll of identify for 26 gold pieces
   287 | D        | Bought a pair of boots for 108 gold pieces
   287 | D        | Bought a kite shield for 108 gold pieces
   298 | D        | Noticed a water moccasin
   304 | D        | Killed a water moccasin
   305 | D        | Reached skill level 13 in Unarmed Combat
   305 | D        | Reached XP level 7. HP: 45/71 MP: 6/6
   396 | D        | Noticed a wyvern
   396 | D        | Noticed a wyvern
   402 | D        | Killed a wyvern
   403 | D        | Reached skill level 10 in Fighting
   403 | D        | Reached skill level 14 in Unarmed Combat
   407 | D        | Killed a wyvern
   601 | D        | Noticed a neqoxec
   601 | D        | Noticed a neqoxec
   601 | D        | Noticed a neqoxec
   601 | D        | Noticed a neqoxec
   606 | D        | Killed a neqoxec
   607 | D        | Reached skill level 15 in Unarmed Combat
   607 | D        | Reached XP level 8. HP: 82/82 MP: 7/7
   621 | D        | Reached skill level 16 in Unarmed Combat
   635 | D        | Noticed a flying skull
   636 | D        | Noticed a flying skull
   638 | D        | Noticed a flying skull
   638 | D        | Noticed a flying skull
   639 | D        | Noticed a flying skull
   639 | D        | Noticed a flying skull
   640 | D        | Noticed a flying skull
   640 | D        | Noticed a flying skull
   640 | D        | Noticed a flying skull
   640 | D        | Noticed a flying skull
   640 | D        | Noticed a flying skull
   641 | D        | Noticed a flying skull
   692 | D        | Killed a flying skull
   693 | D        | Killed a flying skull
   694 | D        | Reached skill level 17 in Unarmed Combat
   694 | D        | Killed a flying skull
   695 | D        | Reached XP level 9. HP: 83/93 MP: 8/8
   700 | D        | Reached skill level 18 in Unarmed Combat
   714 | D        | Reached skill level 19 in Unarmed Combat
   714 | D        | Slain by a flying skull

Illustrated notes

Levels and vault maps discovered:
D:        the_violet_keep_of_menkaure [sprint2_stairs_cluster_1,
          sprint2_shoproom, sprint2_temple, sprint2_basic_supplies,
          sprint2_obstacle_3, sprint2_obstacle_5, sprint2_obstacle_1,
          sprint2_obstacle_4, sprint2_obstacle_2, sprint2_timed_cluster_1,
          sprint2_smallroom_cluster_1, sprint2_smallroom_final_cluster_1,
          sprint2_transparent_cluster_1, sprint2_second_timed_cluster_1,
          sprint2_sniper_area_1, sprint2_heavy_combat_area_1,
          sprint2_mutation_trap_area_1, sprint2_forest_area_1,
          sprint2_light_combat_area_1, sprint2_behind_water_1,
          sprint2_near_end_vault_1]

Skill      XL: |  1  2  3  4  5  6  7  8  9 |
---------------+----------------------------+-----
Unarmed Combat | 4 7 9 11 13 15 17 19 | 19.1
Fighting       | 4 6 7 8 9 11 13 14 | 14.2
Dodging        | |  2.6

Action                     |  1- 3 |  4- 6 |  7- 9 || total
---------------------------+-------+-------+-------++-------
  Melee: Unarmed           |    19 |    22 |    54 ||    95
    Use: Potion            |       |       |     1 ||     1
 Armour: Robe              |       |       |     4 ||     4
  Dodge: Dodged            |     6 |     8 |    14 ||    28

Table legend: (Time is in decaauts)
 A = Elapsed time spent in this place.
 B = Non-inter-level travel time spent in this place.
 C = Inter-level travel time spent in this place.
 D = Time resting spent in this place.
 E = Time spent auto-exploring this place.
 F = Levels seen in this place.
 G = Mean time per level.
                   A        B        C        D        E       F      G
               +--------+--------+--------+--------+--------+-----+--------+
         Total |    678 |    677 |      1 |    497 |      0 |   1 |  678.0 |
       Dungeon |    678 |    677 |      1 |    497 |      0 |   1 |  678.0 |
               +--------+--------+--------+--------+--------+-----+--------+

Top non-repeatable levels by time:
       D: 678 daAuts
